 Dungeon Crawl Stone Soup version 0.25.1-2-g60ff931df9 (webtiles) character file.

Game seed: 9289555914189588463

128 growler the Gusty (level 5, -7/28 HPs)
             Began as a Tengu Air Elementalist on Oct 27, 2020.
             Killed from afar by Sigmund (13 damage)
             ... with a puff of flame
             ... on level 2 of the Dungeon.
             The game lasted 00:05:41 (2276 turns).

growler the Gusty (Tengu Air Elementalist)          Turns: 2276, Time: 00:05:41

Health: -7/28      AC:  4    Str:  8    XL:     5   Next: 12%
Magic:  0/10       EV: 15    Int: 17    God:
Gold:   87         SH:  0    Dex: 14    Spells: 4/10 levels left

rFire    . . .     SeeInvis .   c - +0 dagger
rCold    . . .     Gourm    .   (no shield)
rNeg     . . .     Faith    .   a - +0 robe
rPois    .         Spirit   .   (helmet restricted)
rElec    .         Reflect  .   n - +0 cloak
rCorr    .         Harm     .   f - +0 pair of gloves
MR       .....                  (boots unavailable)
Stlth    ++........             (no amulet)
HPRegen  0.09/turn              (no ring)
MPRegen  0.12/turn              (no ring)

@: flying quickly and evasively, very slightly contaminated, quick
A: beak, talons 3, able to fly
a: Stop Flying


You were on level 2 of the Dungeon.
You were not hungry.

You visited 1 branch of the dungeon, and saw 2 of its levels.

You collected 87 gold pieces.

Inventory:

Hand Weapons
 c - a +0 dagger (weapon)
   (You took it off a kobold on level 1 of the Dungeon)
Armour
 a - a +0 robe (worn)
 f - a +0 pair of gloves (worn)
   (You found it on level 1 of the Dungeon)
 n - a +0 cloak (worn)
   (You found it on level 2 of the Dungeon)
Jewellery
 d - an uncursed ring of poison resistance {unknown}
   (You found it on level 1 of the Dungeon)
Scrolls
 b - 3 scrolls of teleportation {unknown}
 g - 2 scrolls of enchant armour {unknown}
 h - a scroll of identify {unknown}
 j - a scroll of immolation {unknown}
 l - a scroll of remove curse {unknown}
 m - a scroll of amnesia {unknown}
Potions
 k - a potion of heal wounds {unknown}
 o - 2 potions of curing {unknown}
Comestibles
 e - 3 rations {!d}
 i - 5 chunks of flesh


   Skills:
 - Level 2.1 Dodging
 - Level 2.0 Stealth
 + Level 3.1 Spellcasting
 + Level 3.7 Conjurations
 + Level 5.4 Air Magic


You had 4 spell levels left.
You knew the following spells:

 Your Spells              Type           Power        Failure   Level  Hunger
a - Shock                 Conj/Air       ###.         2%          1    None
d - Static Discharge      Conj/Air       ###.....     8%          3    ###....
s - Swiftness             Chrm/Air       ##......     9%          2    ##.....

Your spell library contained the following spells:

 Spells                   Type           Power        Failure   Level  Hunger
 Airstrike                Air            ###.......   19%         4    ####...
 Lightning Bolt           Conj/Air       ###.......   58%         5    ######.


Dungeon Overview and Level Annotations

Branches:
Dungeon (2/15)

Altars:

Annotations:
D:2 Sigmund


Innate Abilities, Weirdness & Mutations

You have a beak for a mouth.
You have claws for feet.
You can fly continuously.


Message History

You see here a frilled lizard skeleton. x2
Found an escape hatch in the floor.
You butcher the worm corpse.
i - 4 chunks of flesh (gained 3)
n - a cloak You start putting on your armour.
You continue putting on your cloak. x4
You finish putting on your +0 cloak.
A bat comes into view.
Aim: a bat (asleep)
The zap hits the bat.
Aim: a bat (moderately wounded)
The zap hits the bat.
You kill the bat!
You butcher the bat corpse.
i - 5 chunks of flesh (gained 1)
You see here a bat skeleton. x2
You see here a jackal skeleton.
o - 2 murky cyan potions Unknown command.
The jackal barks!
The jackal barely misses you.
You see here a cursed +0 whip.
Found a stone staircase leading down.
You miscast Shock.
You are very lightly contaminated with residual magic.
Nothing appears to happen.
The jackal misses you.
The jackal bites you but does no damage.
The zap hits the jackal. x2
You kill the jackal!
The zap hits Sigmund.
The zap misses Sigmund.
The zap hits Sigmund. x2; Sigmund barely misses you.
The zap misses Sigmund. x2
Sigmund hits you from afar with a +2 vampiric scythe.
The zap hits Sigmund. x2
The zap hits Sigmund.
The zap hits Sigmund but does no damage.
Sigmund closely misses you.
The zap hits Sigmund.
The zap misses Sigmund.
Sigmund screams, "Die, monster!"
Sigmund misses you.
You miscast Shock.
Nothing appears to happen.
You miscast Shock.
Nothing appears to happen.
Sigmund hits you from afar with a +2 vampiric scythe!
The zap hits Sigmund.
The zap misses Sigmund.
Sigmund hits you from afar with a +2 vampiric scythe!
* * * LOW HITPOINT WARNING * * *
Sigmund says, "Look into my eyes."
Sigmund gestures at you while chanting. The puff of flame hits you!
You die...

#### ###..###...
...###((........
##..#..#.#.#####
##.#.##...#### #
##....####.)..# .##
#..#.## #.##@#####..#
..##.### #.##........##
..##...###..###.......##
#.####..###.# #.@......#
#..# ##...#.# ##.....#..
##... ###...# #.....#
##.# ###.####..>..# .#
#...##......# .
#.#.....###.# .
#.#####.. .# #.# ## #
...


You could see Sigmund.

Vanquished Creatures
  Natasha (thrice) (D:2)
  A worm (D:2)
  A dart slug (D:1)
  2 leopard geckos
  A ball python (D:1)
  4 bats
  A giant cockroach (D:2)
  6 goblins
  5 hobgoblins
  4 jackals (D:2)
  6 kobolds
  3 frilled lizards
  3 rats
40 creatures vanquished.

Notes
Turn   | Place    | Note
-------+----------+-------------------------------------------
     0 | D:1      | growler the Tengu Air Elementalist began the quest for the
                  | Orb.
     0 | D:1      | Reached XP level 1. HP: 10/10 MP: 4/4
   251 | D:1      | Reached XP level 2. HP: 15/15 MP: 1/6
  1057 | D:2      | Reached XP level 3. HP: 17/19 MP: 3/7
  1271 | D:2      | Noticed Natasha
  1423 | D:2      | Killed Natasha
  1587 | D:2      | Learned a level 2 spell: Swiftness
  1591 | D:2      | Learned a level 3 spell: Static Discharge
  1605 | D:2      | Reached XP level 4. HP: 24/24 MP: 3/9
  1624 | D:2      | Noticed Natasha
  1692 | D:2      | Killed Natasha
  1692 | D:2      | Reached skill level 5 in Air Magic
  1855 | D:2      | Noticed Sigmund
  1891 | D:2      | Noticed Natasha
  1901 | D:2      | Killed Natasha
  1901 | D:2      | Gained mutation: You can fly continuously. [Tengu growth]
  1901 | D:2      | Reached XP level 5. HP: 20/28 MP: 1/10
  2276 | D:2      | Killed from afar by Sigmund

Illustrated notes

Levels and vault maps discovered:
D:1:      elethiomel_arrival_maze, layout_basic, serial_forest,
          infiniplex_forest_clump_small, infiniplex_forest_end_double,
          infiniplex_forest_corner_2, infiniplex_forest_end_3,
          infiniplex_forest_clump_medium
D:2:      layout_rooms, dk_noncrumbling_4, uniq_sigmund, uniq_natasha

Skill      XL: |  1  2  3  4 |
---------------+-------------+-----
Conjurations   | 2 3 |  3.7
Air Magic      | 5 |  5.4
Spellcasting   | 3 |  3.1
Dodging        | |  2.1
Stealth        | |  2.0

Action                   |  1- 3 |  4- 6 || total
-------------------------+-------+-------++-------
Melee: Dagger            |     4 |    10 ||    14
       Unarmed           |     1 |       ||     1
       Peck              |     2 |     1 ||     3
       Kick              |     1 |     1 ||     2
 Cast: Shock             |    44 |    39 ||    83
       Static Discharge  |       |     2 ||     2
 Abil: Fly               |       |     1 ||     1
  Eat: Chunk             |     2 |     3 ||     5
Armor: Robe              |     4 |     7 ||    11
Dodge: Dodged            |    13 |    17 ||    30
